 Dungeon Crawl Stone Soup version 0.28.0-43-g3370ac3207 (webtiles) character file.

Game seed: 8297829618255261202

84 Faeu the Skirmisher (level 4, 0/41 HPs)
             Began as a Minotaur Fighter on Mar 19, 2022.
             Was a Believer of Ru.
             Slain by an orc priest
             ... wielding a +0 club
              (1 damage)
             ... on level 3 of the Dungeon.
             The game lasted 00:11:11 (1774 turns).

Faeu the Skirmisher (Minotaur Fighter)              Turns: 1774, Time: 00:11:11

Health: 0/41       AC:  9    Str: 23    XL:     4   Next: 23%
Magic:  3/3        EV:  7    Int:  5    God:    Ru [**....]
Gold:   42         SH:  4    Dex:  9    Spells: 3/3 levels left

rFire   . . .      SeeInvis .   a - +1 long sword {long}
rCold   x . .      Faith    .   c - +0 buckler
rNeg    . . .      Spirit   .   g - +0 chain mail
rPois   .          Reflect  .   (helmet restricted)
rElec   .          Harm     .   (no cloak)
rCorr   .          Rampage  .   (no gloves)
Will    .....                   (no boots)
Stlth   ..........              (no amulet)
HPRegen 0.13/turn               f - ring of protection from fire
MPRegen 0.08/turn               (no ring)

@: mighty
A: horns 2, temperature sensitive, retaliatory headbutt
a: Renounce Religion


You were on level 3 of the Dungeon.
You worshipped Ru.
Ru was pleased with you.
You visited 1 branch of the dungeon, and saw 3 of its levels.

You collected 42 gold pieces.


Innate Abilities, Weirdness & Mutations

You have a pair of horns on your head.
You are sensitive to extremes of temperature. (rF-, rC-)
You reflexively headbutt those who attack you in melee.


   Skills:
 + Level 4.4 Fighting
 + Level 3.4 Long Blades
 + Level 4.4 Armour
 + Level 4.3 Shields


You had 3 spell levels left.
You didn't know any spells.
Your spell library was empty.

Inventory:

Hand Weapons
 a - a +1 long sword (weapon) {long}
 i - a +0 dagger {short}
   (You took it off a kobold on level 2 of the Dungeon)
Missiles
 b - 4 sling bullets
 e - 41 stones (quivered) {throwing}
 k - 6 poisoned darts {throwing}
Armour
 c - a +0 buckler (worn)
 g - a +0 chain mail (worn)
   (You found it on level 1 of the Dungeon)
Jewellery
 f - a ring of protection from fire (left hand)
   (You found it on level 1 of the Dungeon)
Scrolls
 j - a scroll of vulnerability {unknown}
Potions
 h - a potion of degeneration {!q@e2}

Dungeon Overview and Level Annotations

Branches:
Dungeon (3/15)

Altars:
Ru

Shops:
D:2

? ####......
#........
###....o..####
..........##..
......o..o##.#
..........##.# .
........o.##@# ...
.......<..##o#.....
...........roS.....#
###................#
#................#
#######..........#
#..........#
#..>......>#
####+#.....#


You could see an orc priest, an adder, an orc and a rat.


Message History

Okay, then.
You enter the shallow water.
Moving in this stuff is going to be slow.
There is an open door here.
You now have 42 gold pieces (gained 4).
You see here a +0 chain mail.
k - 6 poisoned darts {throwing} You see here a +0 chain mail.
Done exploring.
(D) Dungeon
Where to? (Enter - D:2, ? - help)
You see here a +0 chain mail.
There is an open door here.
You see here a ball python skeleton.
Things that are here:
a kobold skeleton; a hobgoblin skeleton; a ball python skeleton
There is an open door here.
There is an open door here.
There is a stone staircase leading down here.
You climb downwards.
You hear the sound of rushing water.
There is an entrance to a sewer on this level.
Hurry and find it before the portal rusts away!
The orc shouts! x3; You hear a shout!
Found an escape hatch in the floor.
There is a stone staircase leading up here.
An orc priest comes into view.
It is wielding a +0 club and wearing a +0 ring mail of poison resistance.
The orc priest shouts!
Found a stone staircase leading down.
You open the door.
There is an open door here.
You closely miss the orc. The orc hits you but does no damage.
You are poisoned.
You barely miss the orc. Your headbutt misses the orc.
You feel very sick. The orc barely misses you. 😕 HP[-3]
You take 3 damage, and now have 38/41 hp.
You hit the orc. Your headbutt misses the orc.
You feel very sick.
The orc hits you with a +0 hand axe of venom.
You are more poisoned. 😕 HP[-5]
You take 5 damage, and now have 33/41 hp.
You closely miss the orc.
You feel very sick. You block the orc's attack.
The orc hits you with a +0 hand axe of venom. 😮 HP[-6]
You take 6 damage, and now have 27/41 hp.
You slash the orc!
You kill the orc!
You feel very sick. 😮 HP[-2]
You take 2 damage, and now have 25/41 hp.
You hit the orc but do no damage. You headbutt the orc, but do no damage.
You feel sick. The orc hits you but does no damage.
An adder comes into view. 😮 HP[-2]
You take 2 damage, and now have 23/41 hp.
You barely miss the orc.
You feel sick.
The adder hisses angrily.
You hear a shout!
The orc completely misses you. You furiously retaliate!
You headbutt the orc. 😮 HP[-2]
You take 2 damage, and now have 21/41 hp.
You hit the orc but do no damage.
You feel sick.
The orc is stunned by your conviction and fails to attack.
An orc comes into view. It is wielding a +0 hand axe.
The orc priest calls upon Beogh to heal the orc.
The orc's wounds heal themselves! 😨 HP[-1]
You take 1 damage, and now have 20/41 hp.
You slash the orc!
You kill the orc!
You feel sick. 😨 HP[-1]
You take 1 damage, and now have 19/41 hp.
You hit the orc.
You feel sick. The orc barely misses you. 😨 HP[-2]
You take 2 damage, and now have 17/41 hp.
You hit the orc.
You feel sick.
You are no longer poisoned.
The orc hits you but does no damage. 😨 HP[-1]
You take 1 damage, and now have 16/41 hp.
You hit the orc.
You kill the orc!
A rat comes into view. 😨 HP[+1]
You hit the orc priest.
The orc priest invokes the aid of Beogh against you.
Beogh smites you!
* * * LOW HITPOINT WARNING * * *
The orc priest hits you with a +0 club.
* * * LOW HITPOINT WARNING * * *
😱 HP[-16]
You take 16 damage, and now have 1/41 hp.
MASSIVE DAMAGE!! (PAUSE)
You feel very mighty all of a sudden. The orc priest hits you with a +0 club.
You die...

Skill      XL: |  1  2 |
---------------+-------+-----
Fighting       | 4 |  4.4
Armour         | 4 |  4.4
Long Blades    | 3 |  3.4
Shields        | 4 |  4.3

Action                   |  1- 3 |  4- 6 || total
-------------------------+-------+-------++-------
Melee: Long sword        |    72 |    20 ||    92
       Headbutt          |     6 |     1 ||     7
Invok: Sacrifice Resista |       |     1 ||     1
  Use: Scroll            |     5 |       ||     5
       Potion            |     3 |     1 ||     4
Armor: Chain mail        |    35 |     4 ||    39
Dodge: Dodged            |    19 |     4 ||    23
Block: Buckler           |    12 |     2 ||    14

Levels and vault maps discovered:
D:1:      lemuel_arrival_broad_hall, layout_loops_ring, st_stairs_11
D:2:      layout_basic, serial_shops, shop, shapermc_ecumenical_altar_hornbeckon
D:3:      layout_basic, lemuel_doored_altar, cheibrodos_sewer_entry_sluice

Notes
Turn   | Place    | Note
-------+----------+-------------------------------------------
     0 | D:1      | Faeu the Minotaur Fighter began the quest for the Orb.
     0 | D:1      | Reached XP level 1. HP: 19/19 MP: 0/0
     0 | D:1      | magus.rc [v1.9.6]
   105 | D:1      | Reached XP level 2. HP: 24/27 MP: 1/1
   360 | D:1      | Reached skill level 4 in Fighting
   369 | D:1      | Reached skill level 4 in Armour
   598 | D:1      | Reached skill level 3 in Long Blades
   598 | D:1      | Reached skill level 4 in Shields
   678 | D:1      | Reached XP level 3. HP: 33/33 MP: 2/2
  1200 | D:2      | Found Codda's Magic Scroll Shop.
  1503 | D:2      | Reached XP level 4. HP: 37/41 MP: 3/3
  1600 | D:2      | Found a faded altar of an unknown god.
  1605 | D:2      | Prayed at the altar of an unknown god.
  1605 | D:2      | Became a worshipper of Ru the Awakened
  1615 | D:2      | Gained mutation: You are sensitive to extremes of
                  | temperature. (rF-, rC-) [Ru sacrifice]
  1615 | D:2      | Reached * piety under Ru
  1615 | D:2      | Reached ** piety under Ru
  1773 | D:3      | HP: 5/41 [orc priest/divine providence (12)]
  1773 | D:3      | HP: 1/41 [orc priest/+0 club (4)]
  1774 | D:3      | Slain by an orc priest

Vanquished Creatures
  3 adders (D:2)
  2 dart slugs (D:1)
  3 orcs (D:3)
  3 bats
  9 endoplasms
  2 goblins
  5 hobgoblins
  2 jackals (D:1)
  A kobold (D:2)
  2 quokkas (D:2)
  6 ball pythons
  2 frilled lizards (D:1)
  5 rats
45 creatures vanquished.

Vanquished Creatures (others)
  2 fungi (D:2)
  A plant (D:2)
3 creatures vanquished.

Grand Total: 48 creatures vanquished

Table legend:
 A = Non-vault XP
 B = Vault XP
 C = Vault XP percentage of total XP
 D = Non-vault monster count
 E = Vault monster count
 F = Vault count percentage of total count
                 A         B        C        D         E       F
            +---------+---------+-------+---------+---------+-------
      Total |     116 |       4 |   3.3 |      42 |       3 |   6.7
            +---------+---------+-------+---------+---------+-------
        D:1 |      38 |       4 |   9.5 |      20 |       3 |  13.0
        D:2 |      69 |       0 |   0.0 |      19 |       0 |   0.0
        D:3 |       9 |       0 |   0.0 |       3 |       0 |   0.0
            +---------+---------+-------+---------+---------+-------

Illustrated notes

Table legend:
 A = Kills in this place as a percentage of kills in entire the game.
 B = Kills by you in this place as a percentage of kills by you in the entire game.
 C = Kills by friends in this place as a percentage of kills by friends in the entire game.
 D = Other kills in this place as a percentage of other kills in the entire game.
 E = Experience gained in this place as a percentage of experience gained in the entire game.
 F = Experience gained in this place divided by the number of levels of this place that you have seen.
                   A       B       C       D       E      F
               +-------+-------+-------+-------+-------+----------------------
         Total | 100.0 | 100.0 |   N/A |   N/A | 100.0 |  40.0
       Dungeon | 100.0 | 100.0 |   N/A |   N/A | 100.0 |  40.0
               +-------+-------+-------+-------+-------+----------------------

Table legend: (Time is in decaauts)
 A = Elapsed time spent in this place.
 B = Non-inter-level travel time spent in this place.
 C = Inter-level travel time spent in this place.
 D = Time resting spent in this place.
 E = Time spent auto-exploring this place.
 F = Levels seen in this place.
 G = Mean time per level.
                   A        B        C        D        E       F      G
               +--------+--------+--------+--------+--------+-----+--------+
         Total |   1808 |   1711 |     97 |    126 |   1100 |   3 |  602.7 |
       Dungeon |   1808 |   1711 |     97 |    126 |   1100 |   3 |  602.7 |
               +--------+--------+--------+--------+--------+-----+--------+

Top non-repeatable levels by time:
     D:2: 966 daAuts
     D:1: 817 daAuts
     D:3: 23 daAuts
